 Dungeon Crawl Stone Soup version 0.19.5 (webtiles) character file.

27 Forgotmypassicot the Sneak (level 2, 0/13 HPs)
             Began as a Spriggan Enchanter on Apr 30, 2017.
             Slain by an adder (4 damage)
             ... on level 2 of the Dungeon.
             The game lasted 00:11:09 (1255 turns).

Forgotmypassicot the Sneak (Spriggan Enchanter)     Turns: 1255, Time: 00:11:10

Health: 0/13       AC:  3    Str:  4    XL:     2   Next: 93%
Magic:  1/7        EV: 18    Int: 16    God:
Gold:   25         SH:  0    Dex: 16    Spells: 2 memorised, 4 levels left

rFire  . . .     SeeInvis +     a - +1 dagger
rCold  . . .     Gourm    +     b - +1 robe
rNeg   . . .     Faith    .     (shield restricted)
rPois  .         Spirit   .     (helmet restricted)
rElec  .         Reflect  .     (no cloak)
rCorr  .         Harm     .     (gloves unavailable)
MR     .....                    (boots unavailable)
Stlth  +++.......               f - amulet of the gourmand
                                (no ring)
                                (no ring)

@: very slightly contaminated, very quick
A: unfitting armour, see invisible, herbivore 3, speed 3, slow metabolism 2
a: no special abilities


You were on level 2 of the Dungeon.
You were not hungry.

You visited 1 branch of the dungeon, and saw 2 of its levels.

You collected 25 gold pieces.

Inventory:

Hand Weapons
 a - a +1 dagger (weapon)
Armour
 b - a +1 robe (worn)
Jewellery
 f - an amulet of the gourmand (around neck)
Books
 c - a book of Maledictions

   Spells                             Type                      Level
   a - Corona                         Hexes                        1
   b - Ensorcelled Hibernation        Hexes/Ice                    2
   c - Confuse                        Hexes                        3
   d - Tukima's Dance                 Hexes                        3
   e - Dazzling Spray                 Conjuration/Hexes            3
Comestibles
 d - 2 bread rations
 g - a slice of pizza


   Skills:
 + Level 1.2 Short Blades
 + Level 3.2 Dodging
 + Level 4.7 Stealth
 + Level 3.4 Spellcasting
 + Level 4.1 Hexes


You had 4 spell levels left.
You knew the following spells:

 Your Spells              Type           Power        Failure   Level  Hunger
a - Corona                Hex            ###....      3%          1    None
b - Ensorcelled Hibernat  Hex/Ice        #.....       14%         2    ##.....


Dungeon Overview and Level Annotations

Branches:
Dungeon (2/15)

Altars:
Fedhas
Makhleb
Zin


Innate Abilities, Weirdness & Mutations

You are very small and have problems with some larger weapons.
You are too small for most types of armour.
You have supernaturally acute eyesight. (SInv)
You are a herbivore.
You cover ground extremely quickly.
You need consume almost no food.


Message History

The adder closely misses you.
You hit the adder.
The adder is moderately wounded.
The adder bites you.
You closely miss the adder.
The adder is moderately wounded.
The adder misses you.
You barely miss the adder.
The adder is moderately wounded.
The adder misses you. The adder closely misses you.
You closely miss the adder.
The adder is moderately wounded.
The adder closely misses you.
You miss the adder.
The adder is moderately wounded.
The adder barely misses you.
You barely miss the adder.
The adder is moderately wounded.
The adder bites you.
You die...

_# #.## ...# ##...##
#.....# ###.....###
###..S$8.(..## #####
###....@.# ..... #...<
#_.....8###8.... #####
###......#......####.###
###....8....# #.......
#.###.....### ##...#.#
#.###.....# ###...#.#
#.#.##...## ......†..
#§§§§#...# ####.##.#
###§#§###.## #.##.#


You could see an adder.

Vanquished Creatures
  A dart slug (D:2)
  2 ball pythons
  4 bats
  A giant cockroach (D:2)
  5 goblins (D:1)
  5 hobgoblins (D:1)
  2 frilled lizards (D:1)
  2 rats (D:1)
22 creatures vanquished.

Notes
Turn   | Place    | Note
-------+----------+-------------------------------------------
     0 | D:1      | Forgotmypassicot the Spriggan Enchanter began the quest for the Orb.
     0 | D:1      | Reached XP level 1. HP: 9/9 MP: 5/5
   246 | D:1      | Reached XP level 2. HP: 6/13 MP: 0/7
   342 | D:1      | Learned a level 2 spell: Ensorcelled Hibernation
  1216 | D:2      | Found a glowing silver altar of Zin.
  1233 | D:2      | Found a burning altar of Makhleb.
  1239 | D:2      | Found a blossoming altar of Fedhas.
  1255 | D:2      | Slain by an adder

Skill      XL: |  1  2 |
---------------+-------+-----
Spellcasting   | 3 |  3.4
Hexes          | 4 |  4.1
Short Blades   | |  1.2
Dodging        | |  3.2
Stealth        | |  4.7

Action                   || total
-------------------------++-------
Melee: Dagger            ||    99
 Cast: Corona            ||    21
       Ensorcelled Hiber ||     6
  Use: Scroll            ||     2
 Stab: Sleeping          ||     7
Armor: Robe              ||    15
Dodge: Dodged            ||    82
